 Dungeon Crawl Stone Soup version 0.29.1-15-g9cfb28693d (webtiles) character file.

Game seed: 14193282334698065902

219 raph the Conjurer (level 5, 0/38 HPs)
             Began as a Draconian Conjurer on Mar 3, 2023.
             Slain by a phantom (3 damage)
             ... on level 4 of the Dungeon.
             The game lasted 00:05:37 (4469 turns).

raph the Conjurer (Draconian Conjurer)              Turns: 4469, Time: 00:05:38

Health: 0/38       AC: 10    Str: 10    XL:     5   Next: 63%
Magic:  6/9        EV: 11    Int: 20    God:
Gold:   216        SH:  3    Dex:  9    Spells: 3/9 levels left

rFire   . . .      SeeInvis .   e - +1 dagger
rCold   . . .      Faith    .   a - +0 buckler {AC+3}
rNeg    + . .      Spirit   .   (body armour unavailable)
rPois   .          Reflect  .   (helmet restricted)
rElec   .          Harm     .   (no cloak)
rCorr   .          Rampage  .   (no gloves)
Will    .....                   n - +1 pair of boots
Stlth   ++........              (no amulet)
HPRegen 0.12/turn               f - ring of positive energy
MPRegen 0.11/turn               (no ring)

@: no status effects
A: AC +5, unfitting armour, cold-blooded
a: no special abilities


You were on level 4 of the Dungeon.
You visited 1 branch of the dungeon, and saw 4 of its levels.

You collected 216 gold pieces.

Inventory:

Hand Weapons
 e - a +1 dagger (weapon)
Missiles
 b - 6 javelins
 g - 2 datura-tipped darts
 h - 6 poisoned darts
Armour
 a - a +0 buckler of protection (worn)
 n - a +1 pair of boots (worn)
Jewellery
 f - a ring of positive energy (left hand)
Scrolls
 k - a scroll of enchant weapon
Potions
 c - a potion of heal wounds
 d - a potion of mutation
 i - a potion of brilliance
 j - a potion of resistance {unknown}
 l - a potion of haste {unknown}


   Skills:
 - Level 1.7 Dodging
 - Level 1.7 Stealth
 + Level 1.6 Shields
 + Level 2.9 Spellcasting
 * Level 6.2 Conjurations


You had 3 spell levels left.
You knew the following spells:

 Your Spells              Type           Power      Damage    Failure   Level
a - Magic Dart            Conj           100%       1d8       1%          1
b - Searing Ray           Conj           54%        2d6       2%          2
c - Dazzling Flash        Conj/Hex       30%        N/A       16%         3

Your spell library contained the following spells:

 Spells                   Type           Power      Damage    Failure   Level
 Mephitic Cloud           Conj/Pois/Air  11%        N/A       24%         3
 Ignite Poison            Fire/Tmut/Pois 2%         N/A       50%         3
 Fulminant Prism          Conj/Hex       7%         3d7       45%         4
 Iskenderun's Mystic Bla  Conj/Tloc      15%        2d5       45%         4
 Freezing Cloud           Conj/Ice/Air   5%         6-21      92%         5


Dungeon Overview and Level Annotations

Branches:
Dungeon (4/15)
 Temple: D:4-7

Altars:


Innate Abilities, Weirdness & Mutations

Your plain brown scales are hard. (AC +5)
You cannot fit into any form of body armour.
You are cold-blooded and may be slowed by cold attacks.


Message History

The phantom attacks as you move away! The phantom hits you.
The phantom attacks as you move away! The phantom barely misses you.
The phantom attacks as you move away! The phantom hits you.
Items here: ! ) [ †.
The phantom attacks as you move away!
The phantom hits you but does no damage.
The phantom attacks as you move away! The phantom hits you.
The phantom attacks as you move away! The phantom hits you.
* * * LOW HITPOINT WARNING * * *
The phantom attacks as you move away! The phantom hits you.
* * * LOW HITPOINT WARNING * * *
Okay, then.
The phantom attacks as you move away! The phantom barely misses you.
The phantom attacks as you move away! The phantom hits you.
* * * LOW HITPOINT WARNING * * *
The phantom attacks as you move away!
The phantom hits you but does no damage.
Okay, then.
An orc wizard comes into view. It is wielding a +0 trident.
An orc comes into view. It is wielding a +0 club.
There is a stone staircase leading down here.
An orc wizard appears from thin air!
Reactivating autopickup.
The phantom attacks as you move away!
The phantom hits you but does no damage.
The orc wizard mumbles some strange words.
The orc wizard flickers and vanishes!
Deactivating autopickup; reactivate with Ctrl-A.
The orc wizard shouts!
You hear a shout!
The orc wizard gestures wildly while chanting.
The orc wizard flickers and vanishes!
The phantom attacks as you move away! The phantom barely misses you.
The phantom attacks as you move away! The phantom hits you.
* * * LOW HITPOINT WARNING * * *
A worm comes into view.
The phantom attacks as you move away! The phantom hits you.
* * * LOW HITPOINT WARNING * * *
There is a stone staircase leading up here.
The phantom hits you.
You die...

### ... ..##..
#.#..###
......w.w
.##.###.#...#.#
........#...#.#
#@#...#.#
#W#...#.#
#....##.# ##
#...###'## .
##.......# #.#
#.......### #.#
#.........#####..
#.......#.....# #
#.......##..#.# #


You could see a phantom.

Vanquished Creatures
  A scorpion (D:4)
  Terence (D:2)
  3 gnolls (D:3)
  4 adders
  2 worms
  2 dart slugs
  2 orcs (D:4)
  9 ball pythons
  7 endoplasms
  A giant cockroach (D:2)
  3 hobgoblins (D:3)
  4 jackals (D:3)
  3 kobolds
  A quokka (D:1)
  2 bats (D:3)
  9 frilled lizards
  5 goblins
  3 rats
62 creatures vanquished.

Vanquished Creatures (others)
  4 plants (D:1)
4 creatures vanquished.

Grand Total: 66 creatures vanquished

Notes
Turn   | Place    | Note
-------+----------+-------------------------------------------
     0 | D:1      | raph the Draconian Conjurer began the quest for the Orb.
     0 | D:1      | Reached XP level 1. HP: 14/14 MP: 3/3
   385 | D:1      | Reached XP level 2. HP: 20/20 MP: 0/5
   388 | D:1      | Learned a level 2 spell: Searing Ray
  1102 | D:2      | Reached skill level 5 in Conjurations
  1102 | D:2      | Reached XP level 3. HP: 26/26 MP: 0/6
  1106 | D:2      | Learned a level 3 spell: Dazzling Flash
  1248 | D:2      | Noticed Terence
  1259 | D:2      | Killed Terence
  1436 | D:2      | Identified a scroll of acquirement
  1436 | D:2      | Acquired a +0 buckler of protection
  1546 | D:2      | Found a faded altar of an unknown god.
  1827 | D:2      | Reached XP level 4. HP: 33/33 MP: 3/7
  3119 | D:3      | Reached skill level 1 in Shields
  3275 | D:3      | Reached XP level 5. HP: 38/38 MP: 4/8
  4378 | D:4      | Reached skill level 6 in Conjurations
  4388 | D:4      | Noticed a phantom
  4469 | D:4      | Slain by a phantom

Illustrated notes

Levels and vault maps discovered:
D:1:      lightli_arrival_maybe_door_vault, layout_rooms, minmay_lizard_king
D:2:      layout_basic, basic_ecumenical_altar, uniq_terence
D:3:      layout_basic
D:4:      layout_basic, uniq_blork_the_orc

Skill      XL: |  1  2  3  4  5 |
---------------+----------------+-----
Conjurations   | 5 6 |  6.2
Shields        | 1 |  1.6
Dodging        | |  1.7
Stealth        | |  1.7
Spellcasting   | |  2.9

Action                   |  1- 3 |  4- 6 || total
-------------------------+-------+-------++-------
Melee: Unarmed           |    26 |       ||    26
       Tailslap          |     2 |     1 ||     3
       Dagger            |     4 |    10 ||    14
 Cast: Magic Dart        |    26 |       ||    26
       Searing Ray       |    13 |    29 ||    42
  Use: Scroll            |     4 |     5 ||     9
       Potion            |     1 |       ||     1
Armor: Skin              |    14 |    20 ||    34
Dodge: Dodged            |    24 |    13 ||    37
Block: Buckler           |       |    10 ||    10
